 Dungeon Crawl Stone Soup version 0.15-a0-1253-g15b4f57 (webtiles) character file.

753 Qrupt the Basher (level 7, -1/41 HPs)
             Began as a Tengu Fighter on June 4, 2014.
             Was an Initiate of Qazlal.
             Slain by a sky beast (6 damage)
             ... on Level 4 of the Dungeon.
             The game lasted 00:09:00 (3934 turns).

Qrupt the Basher (Tengu Fighter)                    Turns: 3934, Time: 00:09:00

HP  -1/41        AC  6     Str 18      XL: 7   Next: 79%
MP   9/9         EV  6     Int  8      God: Qazlal [......]
Gold 216         SH 18     Dex 14      Spells:  0 memorised,  6 levels left

rFire  . . .     SeeInvis .     v - +0 morningstar
rCold  . . .     Clarity  .     b - +0 scale mail
rNeg   . . .     rCorr    .     c - +0 shield
rPois  .         rRot     .     (helmet restricted)
rElec  .         Spirit   .     (no cloak)
SustAb .         Warding  .     (no gloves)
rMut   .         Stasis   .     (boots unavailable)
Gourm  .                        (no amulet)
MR     .....                    (no ring)
                                (no ring)

@: not resistant to hostile enchantments, extremely unstealthy
A: able to fly, beak, talons 3
a: Fly, Renounce Religion


You were on level 4 of the Dungeon.
You worshipped Qazlal.
Qazlal was noncommittal.
You were hungry.

You visited 2 branches of the dungeon, and saw 6 of its levels.

You collected 216 gold pieces.

Inventory:

Hand weapons
 a - a +0,+0 flail
 v - a +0,+0 morningstar (weapon)
Armour
 b - a +0 scale mail (worn)
 c - a +0 shield (worn)
Comestibles
 d - a bread ration
 f - 2 meat rations
Scrolls
 g - a scroll of noise {unknown}
 k - a scroll of fog {unknown}
 m - 7 scrolls of identify {unknown}
 n - 2 scrolls of teleportation {unknown}
 p - a scroll of immolation {unknown}
 s - a scroll of remove curse {unknown}
 t - 2 scrolls of enchant weapon II {unknown}
 u - a scroll of enchant weapon I {unknown}
 w - a scroll of recharging {unknown}
Jewellery
 i - an uncursed amulet of rage {unknown}
 r - an uncursed ring of ice {unknown}
 y - an uncursed ring of ice {unknown}
Potions
 e - a potion of might
 h - 5 potions of curing
 l - 3 potions of flight {unknown}
 o - 2 potions of heal wounds {unknown}
 q - 2 potions of degeneration {unknown}
 x - a potion of haste {unknown}


   Skills:
 - Level 3.0 Fighting
 + Level 9.4 Maces & Flails
 - Level 3.2 Armour
 - Level 3.0 Shields


You had 6 spell levels left.
You didn't know any spells.

Dungeon Overview and Level Annotations

Branches:
Dungeon (5/15)             Temple (1/1) D:4

Altars:
Cheibriados
Elyvilon
Fedhas
Qazlal
Vehumet
Yredelemnul


Innate Abilities, Weirdness & Mutations

You can fly.
You have a beak for a mouth.
You have claws for feet.


Message History

You block the hobgoblin's attack. Something hits you but does no damage.
You hit the hobgoblin.
You kill the hobgoblin!
Qazlal accepts your kill. Something hits you but does no damage.
No target in view!
No target in view!
You barely miss something. Something hits you but does no damage.
You miss something. Your kick misses something. Something hits you.
Something shocks you.
You hit something but do no damage. Your peck misses something.
Something hits you. Something shocks you.
You closely miss something. You block its attack.
You miss something. Your kick misses something. Something hits you.
Something shocks you.
* * * LOW HITPOINT WARNING * * *
You miss something. Your peck misses something. Something hits you.
* * * LOW HITPOINT WARNING * * *
Something shocks you.
You die...

.[............).......##.......##
##.###.##.#.####.#...###........#
##.# #.##.#.# #.#.#.##########.#
#.###.##.#.# #.#.#.#.......##.#
##........#.####.#.#.#.#####.##.#
##.###.##....#.....#.#.#...#.##.#
##.# #.......(...#.#.#.#.#.#.##.#
...# ####....#...).#.#.#>#.#.##..
...# #.#.###.@..#.#.###.#.####
#### ###..........#.#^....#.#...
#.....###.####.#######.####
#.#..........#.........## #
#.#######.############### #
#######......##.##.>...##########
........####.##.##.#.#.# ##.....
#######.# #.........#.# ##...###
.......<# ####.##.###.# #.......


There were no monsters in sight!

Vanquished Creatures
  A water moccasin (D:4)
  An ogre (D:4)
  2 scorpions (D:4)
  2 hounds (D:4)
  2 orc priests (D:3)
  An orc wizard (D:4)
  2 iguanas
  2 worker ants (D:4)
  Jessica (D:2)
  A worker ant zombie (D:5)
  3 gnolls (D:4)
  5 adders
  A shadow imp (D:5)
  2 worms
  A giant mite (D:2)
  An ooze (D:1)
  8 orcs
  3 giant cockroaches (D:1)
  13 goblins
  8 hobgoblins
  7 kobolds
  3 quokkas (D:3)
  10 bats
  5 giant newts
  9 rats
  A rat zombie (D:3)
95 creatures vanquished.

Notes
Turn   | Place    | Note
--------------------------------------------------------------
     0 | D:1      | Qrupt, the Tengu Fighter, began the quest for the Orb.
     0 | D:1      | Reached XP level 1. HP: 14/14 MP: 1/1
   138 | D:1      | Reached XP level 2. HP: 19/19 MP: 3/3
   686 | D:2      | Reached XP level 3. HP: 23/23 MP: 4/4
   816 | D:2      | Reached skill level 4 in Maces & Flails
   886 | D:2      | Noticed Jessica
   892 | D:2      | Killed Jessica
   892 | D:2      | Reached XP level 4. HP: 21/28 MP: 5/5
  1443 | D:2      | Reached skill level 5 in Maces & Flails
  1886 | D:3      | Reached XP level 5. HP: 14/32 MP: 7/7
  2298 | D:3      | Reached skill level 6 in Maces & Flails
  2519 | D:3      | Found a snail-covered altar of Cheibriados.
  2568 | D:4      | Reached XP level 6. HP: 35/37 MP: 8/8
  2587 | D:4      | Reached skill level 7 in Maces & Flails
  3039 | D:4      | Found a staircase to the Ecumenical Temple.
  3144 | D:4      | Reached skill level 8 in Maces & Flails
  3144 | D:4      | Reached XP level 7. HP: 31/41 MP: 9/9
  3334 | D:4      | Noticed an ogre
  3341 | D:4      | Killed an ogre
  3653 | Temple   | Entered the Ecumenical Temple
  3661 | Temple   | Became a worshipper of Qazlal Stormbringer
  3721 | D:5      | Entered Level 5 of the Dungeon
  3732 | D:5      | Reached skill level 9 in Maces & Flails
  3934 | D:4      | Slain by a sky beast

Action                   |  1- 3 |  4- 6 |  7- 9 || total
-------------------------+-------+-------+-------++-------
Melee: Flail             |    62 |   113 |       ||   175
       Morningstar       |       |    22 |    44 ||    66
  Use: Potion            |       |       |     3 ||     3
